 Dungeon Crawl Stone Soup version 0.29-a0-330-g52719c12eb (webtiles) character file.

Game seed: 8468357678854669074

30895 Armakuni the Devastator (level 12, -1/94 HPs)
             Began as a Demigod Conjurer on May 1, 2022.
             Killed by divine providence
             ... invoked by an orc priest
              (14 damage)
             ... on level 2 of the Orcish Mines on May 5, 2022.
             The game lasted 00:59:15 (19480 turns).

Armakuni the Devastator (Demigod Conjurer)         Turns: 19480, Time: 00:59:16

Health: -1/94      AC:  5    Str: 20    XL:     12   Next: 94%
Magic:  19/37      EV: 15    Int: 24    God:
Gold:   2025       SH:  0    Dex: 12    Spells: 8/27 levels left

rFire   + . .      SeeInvis .   a - +0 demon trident (vamp)
rCold   + . .      Faith    .   u - orb {light}
rNeg    . . .      Spirit   .   J - +0 troll leather armour
rPois   .          Reflect  .   (no helmet)
rElec   .          Harm     .   o - scarf {rC+ rF+}
rCorr   .          Rampage  .   r - +0 pair of gloves
Will    +....                   (no boots)
Stlth   +.........              A - amulet of the acrobat
HPRegen 1.05/turn               P - ring of magical power
MPRegen 0.25/turn               E - +4 ring of evasion

@: glowing
A: high MP 1, forlorn, divine attributes
a: no special abilities


You were on level 2 of the Orcish Mines.
You visited 3 branches of the dungeon, and saw 15 of its levels.
You also visited: Bailey and Volcano.

You collected 2305 gold pieces.
You spent 280 gold pieces at shops.

Inventory:

Hand Weapons
 a - a +0 vampiric demon trident (weapon)
 w - the +5 mace of Xenwyrgha {vorpal, rC+++}
   (You found it on level 5 of the Dungeon)

   It inflicts extra damage upon your enemies.
   rC:        It renders you almost immune to cold.
 y - a +4 scimitar of flaming
Missiles
 p - 2 throwing nets (quivered)
Armour
 d - +0 fire dragon scales
 o - a scarf of resistance (worn)
 r - a +0 pair of gloves (worn)
 u - an orb of light (worn)
 J - a +0 troll leather armour (worn)
Magical Staves
 b - a staff of earth
 k - a staff of air
 L - a staff of fire
Jewellery
 A - an amulet of the acrobat (around neck)
 E - a +4 ring of evasion (right hand)
 F - a ring of flight
 K - a ring of see invisible
 N - a ring of positive energy
 P - a ring of magical power (left hand)
Wands
 v - a wand of digging (11)
 H - a wand of charming (4)
Scrolls
 f - 8 scrolls of teleportation
 g - a scroll of vulnerability
 l - 3 scrolls of blinking
 n - 4 scrolls of fog
 t - 2 scrolls of enchant armour
 G - a scroll of identify
 I - a scroll of magic mapping
Potions
 e - 4 potions of resistance
 h - a potion of magic
 i - 2 potions of flight
 j - 3 potions of curing
 m - 2 potions of mutation
 q - a potion of lignification
 s - 4 potions of brilliance
 x - 2 potions of berserk rage
 z - 3 potions of haste
 B - a potion of might
 C - a potion of cancellation
 D - 2 potions of ambrosia
Miscellaneous
 M - a condenser vane (inert)
 O - a box of beasts (inert)


   Skills:
 - Level 5.0 Fighting
 - Level 5.0 Polearms
 - Level 3.0 Armour
 - Level 1.7 Dodging
 - Level 1.7 Stealth
 + Level 8.0 Spellcasting
 - Level 15.0 Conjurations
 - Level 4.0 Translocations
 + Level 6.9 Fire Magic
 - Level 5.0 Evocations


You had 8 spell levels left.
You knew the following spells:

 Your Spells              Type           Power      Damage    Failure   Level
f - Fire Storm            Conj/Fire      29%        8d7       100%        9
m - Iskenderun's Mystic   Conj/Tloc      53%        2d11      1%          4
p - Fulminant Prism       Conj/Hex       22%        3d13      3%          4
z - Searing Ray           Conj           100%       2d8       1%          2

Your spell library contained the following spells:

 Spells                   Type           Power      Damage    Failure   Level
 Magic Dart               Conj           100%       1d8       0%          1
 Dazzling Flash           Conj/Hex       90%        N/A       1%          3
 Slow                     Hex            36%        N/A       8%          1
 Portal Projectile        Hex/Tloc       38%        N/A       10%         3
 Ensorcelled Hibernation  Hex/Ice        18%        N/A       11%         2
 Passwall                 Tmut/Erth      7%         N/A       11%         2
 Confusing Touch          Hex            9%         N/A       22%         3
 Swiftness                Air            9%         N/A       22%         3
 Vampiric Draining        Necr           9%         2d6       22%         3
 Blade Hands              Tmut           4%         N/A       90%         5
 Excruciating Wounds      Necr           4%         N/A       90%         5
 Chain Lightning          Conj/Air       22%        3d30      100%        9
 Shatter                  Erth           4%         3d8*      100%        9


Dungeon Overview and Level Annotations

Branches:
Dungeon (12/15)            Temple (1/1) D:7            Lair (0/6) D:10
    Orc (2/2) D:11            Elf (0/3) Orc:2        Bailey (visited)
Volcano (visited)

Shops:
D:11 *   Orc:2 !=


Innate Abilities, Weirdness & Mutations

You have an increased reservoir of magic. (+10% MP)
You shall have no god before yourself.
Your divine heritage dramatically boosts your attributes as you level up.


Message History

The orc warrior is lightly wounded.
The orc warrior is knocked back by the mystic blast.
The orc warrior collides with the orc warrior!
The mystic blast hits the orc high priest!
Flame seeps out of the orc high priest.
The orc high priest is moderately wounded.
The orc high priest is knocked back by the mystic blast.
The mystic blast hits the orc wizard.
Flame seeps out of the orc wizard.
The orc wizard is almost dead.
The orc wizard is knocked back by the mystic blast.
The orc wizard collides with the orc high priest!
Flame seeps out of the orc high priest.
The orc high priest is moderately wounded.
The mystic blast hits the orc wizard!
The mystic blast hits the orc priest!
The orc priest explodes!
The fiery explosion engulfs you! You resist.
The orc wizard explodes!
The fiery explosion engulfs you! You resist.
* * * LOW HITPOINT WARNING * * *
The orc wizard explodes!
The fiery explosion engulfs the orc high priest!!!
The fiery explosion engulfs the orc priest!!
You kill the orc priest!
The orc high priest explodes!
You feel a bit more experienced.
The fiery explosion engulfs the orc priest!!!
The orc priest explodes!
You feel a bit more experienced.
The fiery explosion engulfs the orc priest!!
You kill the orc priest!
You hear an explosion!
You feel a bit more experienced.
You hear an explosion!
The orc wizard explodes!
The fiery explosion engulfs the orc priest!!!
The orc priest explodes!
You are engulfed in blazing flames.
You resist.
* * * LOW HITPOINT WARNING * * *
The orc priest calls down the wrath of Beogh upon you.
Beogh smites you!
You die...

#..# .....
#..#......
#..#...o. #§.#oo..
#§§#.o# #§§○○.#
#§§§§.# #)@§§§#
#.)#○○# #).# §§§#
#..# §..# #..# ...
#..# .. #..## .
#...##
##...##############


You could see an orc high priest (inner flame), 2 orc warriors and an orc priest
(inner flame).

Vanquished Creatures
  A fire dragon (Volcano)
  Snorg (Orc:2)
  2 hydras
  3 boulder beetles
  A centaur warrior (D:11)
  5 two-headed ogres
  An orc high priest (Orc:2)
  Lodul (D:10)
  A deep troll (shapeshifter) (D:10)
  4 lindwurms (Volcano)
  An orc knight (D:11)
  A mana viper (shapeshifter) (D:11)
  3 manticores (D:11)
  3 ugly things
  3 cyclopes
  A smoke demon (Volcano)
  2 unseen horrors
  2 kobold demonologists
  2 efreet (D:11)
  7 trolls
  3 hornets
  A vampire (D:11)
  Eustachio (D:4)
  2 wraiths
  A wyvern (D:7)
  3 yaks (D:9)
  3 steam dragons (Volcano)
  A vampire mosquito (D:12)
  4 wargs
  4 hell hounds
  2 water moccasins
  Pargi (D:2)
  20 orc warriors
  3 sky beasts
  An ice beast (D:5)
  A black bear (D:7)
  5 centaurs
  12 ogres
  3 phantoms
  4 kobold brigands
  5 necrophages
  8 bullfrogs
  2 gnoll sergeants
  3 scorpions (D:5)
  5 wights
  6 killer bees
  3 jellies
  4 vampire bats (Bailey)
  A howler monkey (D:7)
  4 centaur zombies (D:8)
  A gnoll shaman (D:8)
  25 orc priests
  3 hounds
  A human zombie (D:8)
  Jessica (D:3)
  3 iguanas
  25 orc wizards
  3 howler monkey zombies (D:8)
  A mummy (D:8)
  20 gnolls
  7 adders
  A shadow imp (D:8)
  A white imp (D:6)
  A worm (D:2)
  2 dart slugs
  75 orcs
  7 endoplasms
  2 giant cockroaches
  5 goblins
  7 hobgoblins
  11 jackals
  2 quokkas
  9 ball pythons
  5 bats
  2 frilled lizards
  34 kobolds
  22 orc zombies (Bailey)
  6 rats
  2 fulminant prisms (D:10)
445 creatures vanquished.

Vanquished Creatures (collateral kills)
  A two-headed ogre (D:10)
1 creature vanquished.

Vanquished Creatures (others)
  A two-headed ogre (D:10)
  A lindwurm (Volcano)
  A shadow (D:11)
  A basilisk (D:11)
  2 orc wizards (D:11)
  An orc (D:11)
  57 fulminant prisms
  7 fungi (D:6)
  19 plants
90 creatures vanquished.

Grand Total: 536 creatures vanquished

Notes
Turn   | Place    | Note
-------+----------+-------------------------------------------
     0 | D:1      | Armakuni the Demigod Conjurer began the quest for the Orb.
     0 | D:1      | Reached XP level 1. HP: 14/14 MP: 5/5
   253 | D:1      | Reached skill level 4 in Conjurations
   725 | D:1      | Reached XP level 2. HP: 17/20 MP: 2/7
   777 | D:1      | Learned a level 2 spell: Searing Ray
  1486 | D:2      | Reached XP level 3. HP: 26/26 MP: 8/8
  1509 | D:2      | Reached skill level 5 in Conjurations
  2203 | D:2      | Reached XP level 4. HP: 33/33 MP: 9/9
  2480 | D:2      | Learned a level 4 spell: Iskenderun's Mystic Blast
  2809 | D:3      | Noticed Pargi
  2853 | D:2      | Killed Pargi
  2854 | D:2      | Reached skill level 1 in Translocations
  2854 | D:2      | Reached XP level 5. HP: 25/38 MP: 7/10
  3210 | D:3      | Noticed Jessica
  3214 | D:3      | Killed Jessica
  3215 | D:3      | Reached skill level 6 in Conjurations
  3823 | D:4      | Reached XP level 6. HP: 45/45 MP: 11/11
  3863 | D:4      | Noticed Eustachio
  3881 | D:4      | Killed Eustachio
  4361 | D:4      | Reached skill level 7 in Conjurations
  4767 | D:5      | Entered Level 5 of the Dungeon
  4902 | D:5      | Reached XP level 7. HP: 27/50 MP: 7/13
  5427 | D:5      | Identified the +5 mace of Xenwyrgha {vorpal, rC+++}
  5550 | D:5      | Reached skill level 8 in Conjurations
  6242 | D:6      | Reached XP level 8. HP: 52/57 MP: 14/15
  6379 | D:6      | Reached skill level 9 in Conjurations
  6964 | D:6      | Reached skill level 10 in Conjurations
  7822 | D:7      | Found a staircase to the Ecumenical Temple.
  7846 | Temple   | Entered the Ecumenical Temple
  7991 | D:7      | Found a flagged portal.
  8004 | Bailey   | Entered a bailey
  8565 | Bailey   | Noticed a gargoyle
  8884 | Bailey   | Reached XP level 9. HP: 58/62 MP: 19/19
  8887 | Bailey   | Reached skill level 1 in Evocations
  9687 | D:8      | Noticed a two-headed ogre
  9695 | D:8      | Killed a two-headed ogre
  9696 | D:8      | Reached skill level 11 in Conjurations
 10243 | D:8      | Noticed a two-headed ogre
 10254 | D:8      | Killed a two-headed ogre
 10255 | D:8      | Reached skill level 5 in Evocations
 10537 | D:8      | Reached XP level 10. HP: 59/69 MP: 20/20
 11329 | D:9      | Reached skill level 12 in Conjurations
 11691 | D:9      | Noticed a five-headed hydra
 11719 | D:8      | HP: 2/69 [killer bee (8)]
 11968 | D:9      | Learned a level 4 spell: Fulminant Prism
 11999 | D:9      | Noticed a cyclops
 12487 | D:9      | Identified the +5 quarterstaff of the Sneaky Nightmares
                  | {flame, Fragile rC+ rN+}
 12503 | D:9      | Reached skill level 13 in Conjurations
 12676 | D:9      | Killed a five-headed hydra
 12961 | D:9      | Noticed a boulder beetle
 12983 | D:9      | Killed a boulder beetle
 13122 | D:9      | Paralysed by a hornet for 3 turns
 13772 | D:10     | Entered Level 10 of the Dungeon
 13869 | D:10     | Reached skill level 14 in Conjurations
 14034 | D:10     | Noticed Lodul
 14052 | D:10     | Killed Lodul
 14053 | D:10     | Reached XP level 11. HP: 39/74 MP: 11/21
 14148 | D:10     | Noticed a two-headed ogre
 14148 | D:10     | Noticed a two-headed ogre
 14163 | D:10     | Noticed a two-headed ogre
 14324 | D:10     | Noticed a two-headed ogre
 14337 | D:10     | Killed a two-headed ogre
 14349 | D:10     | Killed a two-headed ogre
 14445 | D:10     | Reached skill level 15 in Conjurations
 14455 | D:10     | Learned a level 9 spell: Fire Storm
 14486 | D:10     | Found a staircase to the Lair.
 14493 | D:10     | Noticed a two-headed ogre
 14503 | D:10     | Killed a two-headed ogre
 14504 | D:10     | Reached skill level 1 in Fire Magic
 14600 | D:10     | Reached skill level 5 in Spellcasting
 14673 | D:10     | Killed a two-headed ogre
 15032 | D:11     | Reached skill level 1 in Fighting
 15032 | D:11     | Reached skill level 1 in Polearms
 15112 | D:11     | Found Vakkodon's Assorted Antiques.
 15143 | D:11     | Bought a yellow potion for 24 gold pieces
 15143 | D:11     | Bought a scroll of identify for 54 gold pieces
 15143 | D:11     | Bought a scroll of enchant armour for 202 gold pieces
 15206 | D:11     | Noticed a centaur warrior
 15212 | D:11     | Noticed a swamp dragon
 15212 | D:11     | a jumping spider changed into a swamp dragon
 15213 | D:11     | a swamp dragon changed into an eye of devastation
 15721 | D:11     | Noticed a deep troll
 15731 | D:10     | Killed a deep troll
 15993 | D:11     | Identified the +5 war axe "Kures" {protect, rC- rCorr Str+4
                  | SInv}
 15996 | D:11     | Found a staircase to the Orcish Mines.
 16084 | D:11     | Reached XP level 12. HP: 93/93 MP: 24/24
 16137 | D:11     | Noticed a boulder beetle
 16151 | D:11     | Killed a boulder beetle
 16152 | D:11     | Reached skill level 5 in Fighting
 16152 | D:11     | Reached skill level 5 in Polearms
 16174 | D:11     | Reached skill level 1 in Armour
 16381 | D:11     | Noticed a boulder beetle
 16503 | D:11     | Killed a boulder beetle
 16585 | D:11     | Killed a centaur warrior
 16878 | D:12     | Noticed a five-headed hydra
 16950 | D:12     | Killed a five-headed hydra
 17223 | D:12     | Noticed a two-headed ogre
 17252 | Orc:1    | Entered Level 1 of the Orcish Mines
 17272 | Orc:1    | Reached skill level 5 in Fire Magic
 17760 | Orc:1    | Found a dark tunnel.
 17770 | Volcano  | Entered a volcano
 18314 | Volcano  | Noticed a fire dragon
 18340 | Volcano  | Killed a fire dragon
 18679 | Orc:2    | Entered Level 2 of the Orcish Mines
 19097 | Orc:2    | Found a staircase to the Elven Halls.
 19107 | Orc:2    | Found Luqeniew's Distillery.
 19183 | Orc:2    | Noticed Snorg
 19197 | Orc:2    | Killed Snorg
 19390 | Orc:2    | Found Leirchim's Jewellery Shoppe.
 19480 | Orc:2    | Killed from afar by an orc priest

Illustrated notes

Levels and vault maps discovered:
D:1:      dpeg_arrival_shelter, layout_loops_corners
D:2:      layout_basic, serial_bayou_pond_b, hangedman_decor_clover_reticule
D:3:      layout_basic, mainiacjoe_overflow_tiny_flanked,
          hellmonk_ecumenical_altar_blasted, kennysheep_nondescript,
          minmay_cut_off, uniq_jessica, uniq_pargi
D:4:      layout_basic, kennysheep_mini, supply_closet_lemuel, uniq_eustachio
D:5:      kennysheep_kobold_camp, layout_basic
D:6:      layout_loops_ring, old_standard_altar, mainiacjoe_overflow_boulevard
D:7:      layout_basic, temple_pool_b, enter_bailey_6
D:8:      layout_rooms, nicolae_dithmenos_shadow_blocks, amcnicky_altar_gilded,
          mainiacjoe_overflow_alcove_1, nicolae_overflow_crystal_walls,
          lemuel_mausoleum_altar_kikubaaqudgha, dk_rats_in_the_wall
D:9:      minmay_distorted_concentric_squares, layout_gridville,
          kennysheep_little_box
D:10:     layout_rooms, erik_lair_orcish_takeover, uniq_lodul
D:11:     layout_roguey [special_room_orc], erik_orc_4, serial_shops, shop,
          minmay_the_grid_square_5x5_3x3_mashed
          [minmay_the_grid_square_5x5_longway,
          minmay_the_grid_square_5x5_moneybag,
          minmay_the_grid_square_5x5_sharp_hourglass,
          minmay_the_grid_square_5x5_lines,
          minmay_the_grid_square_5x5_megaprize_crossed,
          minmay_the_grid_square_5x5_two,
          minmay_the_grid_square_5x5_beaten_path,
          minmay_the_grid_square_5x5_bridge, minmay_the_grid_square_5x5_z]
D:12:     cheibrodos_fzero, layout_rooms, fake_guardian_serpent_vault,
          uniq_jorgrun
Temple:   nicolae_temple_hex_pool
Orc:1:    layout_caves, enter_volcano_3, nicolae_orc_tapped_out
Orc:2:    st_orc_mages, layout_diamond_mine, serial_shops, nicolae_diamond_shop,
          minmay_shop_enchanted_jewellery, uniq_snorg

Skill      XL: |  1  2  3  4  5  6  7  8  9 10 11 12 |
---------------+-------------------------------------+-----
Conjurations   | 4 5 6 7 8 10 11 14 15 | 15.0
Translocations | 1 2 3 4 |  4.0
Spellcasting   | 2 3 4 5 8 |  8.0
Evocations     | 5 |  5.0
Fire Magic     | 2 6 |  6.9
Fighting       | 4 5 |  5.0
Polearms       | 4 5 |  5.0
Armour         | 3 |  3.0
Dodging        | |  1.7
Stealth        | |  1.7

Action                   |  1- 3 |  4- 6 |  7- 9 | 10-12 || total
-------------------------+-------+-------+-------+-------++-------
Melee: Dagger            |    19 |     4 |       |       ||    23
       Rapier            |       |     3 |    28 |    47 ||    78
       Punch             |       |       |     1 |     4 ||     5
       Demon trident     |       |       |       |   215 ||   215
Throw: Throwing net      |       |     1 |       |    16 ||    17
       Dart              |       |       |       |    11 ||    11
 Cast: Magic Dart        |    22 |       |       |       ||    22
       Searing Ray       |    25 |    48 |    77 |    41 ||   191
       Iskenderun's Myst |       |       |    27 |   198 ||   225
       Fulminant Prism   |       |       |       |    59 ||    59
Evoke: Wand              |       |     1 |     5 |    17 ||    23
       Box of beasts     |       |       |       |     1 ||     1
       Condenser vane    |       |       |       |     1 ||     1
  Use: Potion            |     1 |     1 |       |    10 ||    12
       Scroll            |     4 |    11 |    10 |     9 ||    34
 Stab: Sleeping          |       |       |     1 |     1 ||     2
Armor: Robe              |     6 |     1 |    20 |    18 ||    45
       Troll leather arm |       |       |       |    65 ||    65
Dodge: Dodged            |    21 |    20 |    95 |   369 ||   505

Table legend: (Time is in decaauts)
 A = Elapsed time spent in this place.
 B = Non-inter-level travel time spent in this place.
 C = Inter-level travel time spent in this place.
 D = Time resting spent in this place.
 E = Time spent auto-exploring this place.
 F = Levels seen in this place.
 G = Mean time per level.
                   A        B        C        D        E       F      G
               +--------+--------+--------+--------+--------+-----+--------+
         Total |  19528 |  19177 |    351 |   6418 |   9024 |  17 | 1148.7 |
       Dungeon |  16260 |  15923 |    337 |   4993 |   7907 |  12 | 1355.0 |
        Temple |    117 |    117 |      0 |    112 |      0 |   1 |  117.0 |
  Orcish Mines |   1445 |   1431 |     14 |    401 |    729 |   2 |  722.5 |
        Bailey |    917 |    917 |      0 |    493 |    255 |   1 |  917.0 |
       Volcano |    787 |    787 |      0 |    418 |    133 |   1 |  787.0 |
               +--------+--------+--------+--------+--------+-----+--------+

Top non-repeatable levels by time:
     D:8: 2486 daAuts
     D:9: 1863 daAuts
    D:11: 1643 daAuts
    D:10: 1529 daAuts
     D:2: 1507 daAuts
     D:5: 1428 daAuts
     D:6: 1407 daAuts
     D:1: 1379 daAuts
     D:7: 1028 daAuts
     D:4: 1024 daAuts
  Bailey: 917 daAuts
     D:3: 838 daAuts
   Orc:1: 813 daAuts
 Volcano: 787 daAuts
   Orc:2: 632 daAuts
